cohdb
Replays
Latest Replays
All Replays
Popular Replays
Top Player Replays
Match Explorer
How It Works
Community
CoH3 Stats
Reddit
Sign in to upload your games and track your stats! →
Sign in with Steam
Match 43669530
Unlisted
Match 43669530
Overview
Messages
Build Orders
End
Kradschützen Motorcycle Team
Kradschützen Motorcycle Team
Selects Armored Support Battlegroup
250 Light Carrier
Construct Light Support Kompanie
Assault Grenadier Squad
Selects Superior Fire Drills
MG34 Team
Fire Support Elements
Flakvierling Half-track
Panzerjäger Mechanized Group
Selects Salvage Kits
Flakvierling Half-track
Construct Mechanized Kompanie
Vehicle Survival Package
StuG III D Assault Gun
Emergency Repair Kits
254 Reconnaissance Tractor
Selects Flammpanzer III Medium Tank
Selects Flammpanzer III Medium Tank
2.5-tonne Medical Truck
StuG III D Assault Gun
Panzerpioneer Squad
254 Reconnaissance Tractor
Marder III Tank Destroyer
254 Reconnaissance Tractor
StuG III D Assault Gun
Willaguy
ssume
0
0
Comments
sign in to comment!
No comments posted yet!